Map: 2000 Atmospheres LE

Players

MarineLorD

  • Race: Terran Terran

Rogue - Winner!

  • Race: Zerg Zerg

Event: DreamHack SC2 Masters 2021 Winter

VOD

Have the link to the VOD?

Description

Time

  • Played on: Nov. 11, 2021, 8:14 a.m.
  • Length: 10:15

All games in this series

Show
View Real Time Build Order
Export as new Build Order

MarineLorD Terran 

Build Orders:  

Get SALT Encoding   

  12  0:00  SCV  
  13  0:12  SCV  
  14  0:18  Supply Depot  
  14  0:24  SCV  
  15  0:39  SCV  
  15  0:41  Barracks  
  16  0:53  Barracks  
  16  0:57  SCV  
  17  1:05  Refinery  
  17  1:09  SCV  
  19  1:28  Marine  
  19  1:29  Orbital Command  
  19  1:35  Supply Depot  
  19  1:40  Marine  
  19  1:46  Marine  
  21  1:54  SCV  
  21  1:58  Marine  
  23  2:04  Marine, Bunker  
  24  2:08  Bunker  
  24  2:12  SCV  
  25  2:15  Marine  
  25  2:21  Factory  
  26  2:24  Marine  
  27  2:32  SCV  
  27  2:33  Marine  
  29  2:42  Marine  
  30  2:44  SCV  
  31  2:54  Supply Depot  
  31  3:07  Factory Reactor  
  31  3:11  Starport  
  31  3:14  Command Center  
  31  3:15  SCV  
  32  3:22  Refinery  
  32  3:24  Supply Depot  
  32  3:28  SCV  
  33  3:40  SCV  
  34  3:45  Hellion x2  
  34  3:48  Medivac  
  40  3:55  SCV  
  41  4:00  Supply Depot  
  41  4:07  SCV  
  41  4:08  Hellion x2  
  46  4:12  Barracks Tech Lab  
  46  4:18  Barracks Reactor  
  46  4:19  SCV  
  47  4:26  Orbital Command  
  47  4:30  Marine  
  47  4:31  Stimpack  
  48  4:41  Barracks  
  48  4:43  SCV  
  48  4:44  Orbital Command  
  49  4:48  Marine  
  50  4:55  SCV  
  50  4:57  Marine  
  50  4:58  Starport Reactor, Factory Tech Lab  
  52  5:04  Marine  
  52  5:06  Marine  
  54  5:07  SCV  
  55  5:15  SCV  
  55  5:19  Siege Tank  
  59  5:22  Marine x2  
  59  5:25  SCV  
  62  5:29  Marine x2  
  64  5:36  SCV  
  64  5:39  Supply Depot  
  64  5:40  Supply Depot  
  64  5:41  Medivac x2, Marine  
  70  6:00  Siege Tank, SCV, Marine x4  
  70  6:01  SCV  
  70  6:03  Supply Depot  
  79  6:05  Marine  
  80  6:12  SCV  
  80  6:13  SCV  
  80  6:18  Marine x3  
  85  6:21  Marine  
  85  6:25  SCV x2, Supply Depot  
  88  6:26  Refinery, Combat Shield  
  88  6:39  Marine x2  
  90  6:41  Marine  
  90  6:44  Marine  
  92  6:47  Marine  
  92  6:48  Command Center  
  92  6:57  Marine x2  
  92  6:59  Medivac x2, Marine  
  92  7:02  Marine  
  92  7:05  Marine  
  92  7:07  SCV x2  
  94  7:13  Engineering Bay  
  94  7:14  Engineering Bay, Marine  
  94  7:15  Marine  
  96  7:16  Refinery  
  96  7:17  Marine  
  96  7:20  Marine  
  98  7:23  Marine  
  98  7:28  SCV x2  
  101  7:32  Marine  
  101  7:34  Marine  
  102  7:38  Medivac  
  102  7:39  Medivac  
  102  7:44  Marine x3  
  90  7:46  Terran Infantry Armor Level 1, SCV x2, Terran Infantry Weapons Level 1  
  90  7:50  Marine  
  91  7:52  Supply Depot  
  91  7:58  Marine  
  91  8:01  Marine  
  91  8:03  Marine  
  91  8:04  Marine  
  95  8:09  Siege Tank  
  95  8:12  Marine  
  98  8:16  Marine  
  98  8:19  Orbital Command, Marine  
  100  8:20  Marine  
  100  8:21  SCV, Marine  
  100  8:24  SCV  
  105  8:30  Marine  
  105  8:33  SCV  
  102  8:34  Marine  
  102  8:36  SCV  
  102  8:37  Marine  
  102  8:38  Marine  
  102  8:39  Marine  
  107  8:46  SCV  
  107  8:48  Marine  
  108  8:52  Marine  
  108  8:55  Marine  
  111  8:56  SCV, Marine  
  111  8:57  Barracks, Marine  
  111  8:58  Barracks  
  111  8:59  SCV  
  115  9:06  Marine  
  115  9:09  SCV x2  
  117  9:10  Marine  
  117  9:12  Medivac x2  
  117  9:13  Marine  
  117  9:14  Marine  
  123  9:19  SCV  
  123  9:21  Armory  
  116  9:25  Marine x2  
  116  9:26  SCV  
  116  9:27  Marine  
  116  9:31  Siege Tank, Marine  
  124  9:32  Marine  
  125  9:40  SCV x2  
  125  9:42  Marine x2  
  125  9:45  Marine  
  108  9:46  Marine x2  
  108  9:48  Marine  
  108  9:50  Marine  
  108  9:52  SCV x2  
Show
View Real Time Build Order
Export as new Build Order

Rogue Zerg - Winner!

Build Orders: Hatch First 

Get SALT Encoding   

  12  0:00  Drone  
  13  0:12  Overlord  
  13  0:17  Drone  
  14  0:30  Drone  
  14  0:31  Drone  
  16  0:47  Hatchery  
  15  0:50  Drone  
  15  0:54  Drone  
  18  0:57  Drone  
  18  1:08  Extractor  
  17  1:12  Spawning Pool  
  17  1:15  Drone  
  17  1:18  Drone  
  18  1:28  Drone  
  19  1:39  Drone  
  20  1:49  Drone  
  21  1:59  Queen x2  
  21  2:00  Zergling x4  
  27  2:06  Spine Crawler  
  26  2:08  Spine Crawler  
  26  2:11  Zergling x2  
  26  2:12  Zergling x2  
  27  2:22  Overlord  
  27  2:29  Zergling x2  
  27  2:40  Zergling x2  
  27  2:44  Zergling x4  
  28  2:48  Zergling x2  
  29  2:56  Queen  
  31  3:03  Metabolic Boost  
  31  3:09  Overlord  
  31  3:14  Drone x2  
  31  3:16  Drone  
  34  3:20  Drone  
  35  3:29  Drone x2  
  35  3:30  Drone  
  38  3:36  Drone  
  38  3:37  Drone x2  
  41  3:44  Overlord  
  41  3:46  Drone  
  42  3:53  Drone x2  
  42  3:54  Overlord  
  44  4:03  Drone  
  44  4:04  Drone x4  
  44  4:09  Overlord  
  49  4:18  Hatchery  
  47  4:25  Queen  
  47  4:27  Queen  
  51  4:32  Overlord  
  51  4:35  Drone x3  
  54  4:47  Drone  
  54  4:48  Drone x6  
  61  4:54  Spore Crawler  
  61  4:57  Drone x3  
  63  5:00  Queen  
  63  5:01  Zergling x2  
  65  5:07  Queen  
  65  5:10  Zergling x4  
  69  5:19  Zergling x2  
  69  5:21  Zergling x2  
  71  5:27  Evolution Chamber x2  
  69  5:30  Queen  
  69  5:34  Zergling x2  
  69  5:35  Zergling x4  
  74  5:36  Queen  
  74  5:39  Drone x5  
  81  5:43  Overlord x2  
  81  5:51  Overlord  
  81  5:52  Overlord  
  81  5:54  Zerg Ground Armor Level 1  
  81  5:56  Zerg Melee Weapons Level 1  
  79  6:00  Extractor  
  79  6:04  Drone x4  
  80  6:05  Drone  
  80  6:07  Queen  
  80  6:09  Zergling x8  
  80  6:10  Drone  
  86  6:14  Drone x2  
  88  6:19  Baneling Nest, Zergling x8  
  88  6:22  Extractor x2  
  88  6:25  Zergling x2  
  90  6:29  Queen  
  90  6:32  Zergling x6  
  95  6:41  Zergling x2  
  95  6:42  Zergling x10, Lair  
  101  6:50  Zergling x6  
  101  6:51  Overlord  
  101  6:53  Overlord  
  104  6:58  Zergling x8  
  108  7:04  Overlord  
  108  7:05  Queen x2  
  111  7:10  Zergling x4  
  113  7:17  Zergling x2  
  113  7:18  Zergling x10  
  118  7:29  Zergling x6  
  120  7:37  Drone x3  
  120  7:40  Hatchery  
  120  7:42  Centrifugal Hooks, Drone x2  
  120  7:43  Drone  
  114  7:47  Zergling x6  
  114  7:50  Zergling x2  
  115  7:52  Zerg Ground Armor Level 2, Burrow, Zerg Melee Weapons Level 2  
  115  7:55  Baneling x5  
  115  8:01  Drone  
  115  8:03  Hatchery  
  115  8:08  Overseer  
  115  8:09  Zergling x12  
  121  8:13  Drone x2  
  122  8:21  Drone  
  122  8:22  Drone x6  
  122  8:24  Overlord  
  127  8:37  Drone x2  
  127  8:38  Spore Crawler  
  127  8:39  Zergling x10  
  127  8:41  Spore Crawler  
  132  8:42  Baneling x3  
  132  8:43  Baneling x2  
  132  8:45  Zergling x4  
  132  8:46  Zergling x6  
  136  8:57  Baneling x4, Overlord  
  136  9:05  Zergling x16  
  136  9:06  Zergling x4  
  136  9:07  Overlord  
  146  9:12  Zergling x2  
  146  9:13  Overlord  
  146  9:15  Queen  
  146  9:16  Drone x3  
  152  9:18  Overlord  
  148  9:26  Zergling x12  
  148  9:27  Zergling x2  
  155  9:32  Zergling x6  
  155  9:33  Zergling x2  
  155  9:35  Zergling x2  
  160  9:38  Zergling x2  
  160  9:41  Zergling x2  
  160  9:42  Zergling x6  
  163  9:49  Infestation Pit  
  163  9:50  Drone  
  163  9:51  Baneling x10  
  163  9:52  Zergling x12  
  169  9:53  Hatchery  
  169  9:55  Zergling x2  

Tags
 
Add a new tag
Caveats
  • Supply blocks, unpowered buildings, or Contaminate may cause inaccurate times.
  • Supply counts are checked every 10 seconds.